TOP OF THE 1ST |
Pensacola Blue Wahoos batting - Pitching for Mobile BayBears : LHP Antoine Champagne
|
Pitching: LHP Antoine Champagne
|
|
Batting: RHB Solange Le Coq
|
0-0: Ball 1-0: Swinging Strike 1-1: Called Strike 1-2: Foul Ball, location: 2F 1-2: Strikes out swinging
|
Batting: RHB Jose Nunez
|
0-0: Ball 1-0: SINGLE (Flyball, 8RS, EV 95.6 MPH)
|
Batting: RHB Randy Grewe
|
0-0: Foul Ball, location: 2F 0-1: Called Strike 0-2: Ball 1-2: Strikes out swinging
|
Batting: RHB Andy Urquhart
|
0-0: Called Strike 0-1: Foul Ball, location: 2F 0-2: Foul Ball, location: 2F 0-2: Ball 1-2: Strikes out looking
|
Top of the 1st over - 0 runs, 1 hit, 0 errors, 1 left on base; Pensacola 0 - Mobile 0 |
BOTTOM OF THE 1ST |
Mobile BayBears batting - Pitching for Pensacola Blue Wahoos : RHP Larry McPhee
|
Pitching: RHP Larry McPhee
|
|
Batting: RHB Luke Stark
|
0-0: Foul Ball, location: 2F 0-1: Called Strike 0-2: Ball 1-2: Strikes out swinging
|
Batting: LHB Yao-pang Tien
|
0-0: Ground out U3 (Groundball, 3L, EV 102.5 MPH)
|
Batting: RHB Seth Tramontano
|
0-0: Swinging Strike 0-1: SINGLE (Flyball, 5D, EV 82.5 MPH)
|
Batting: SHB Ken Welch
|
0-0: Called Strike 0-1: Ball 1-1: Swinging Strike Passed Ball! Seth Tramontano to second 1-2: Ball 2-2: Ball 3-2: Ground out 4-3 (Groundball, 4D, EV 98.1 MPH)
|
Bottom of the 1st over - 0 runs, 1 hit, 0 errors, 1 left on base; Pensacola 0 - Mobile 0 |
TOP OF THE 2ND |
Pensacola Blue Wahoos batting - Pitching for Mobile BayBears : LHP Antoine Champagne
|
Batting: RHB Mark Williams
|
0-0: Ground out 5-3 (Groundball, 56, EV 83.8 MPH)
|
Batting: LHB John Wagner
|
0-0: Ball 1-0: Ball 2-0: Ball 3-0: Called Strike 3-1: Foul Ball, location: 2F 3-2: Strikes out swinging
|
Batting: RHB Armando Moz
|
0-0: Foul Ball, location: 2F 0-1: Called Strike 0-2: Ball 1-2: Foul Ball, location: 2F 1-2: Ball 2-2: Ball 3-2: Strikes out swinging
|
Top of the 2nd over - 0 runs, 0 hits, 0 errors, 0 left on base; Pensacola 0 - Mobile 0 |
BOTTOM OF THE 2ND |
Mobile BayBears batting - Pitching for Pensacola Blue Wahoos : RHP Larry McPhee
|
Batting: RHB Francisco Gutierrez
|
0-0: Called Strike 0-1: Ball 1-1: Foul Ball, location: 2F 1-2: Ground out 5-3 (Groundball, 5, EV 84.4 MPH)
|
Batting: RHB D.J. Cooke
|
0-0: Foul Ball, location: 2F 0-1: SINGLE (Groundball, 25, EV 70.6 MPH) (infield hit)
|
Batting: LHB Koson Hirai
|
0-0: Ball 1-0: Ball 2-0: Ball 3-0: Called Strike 3-1: Base on Balls D.J. Cooke to second
|
Batting: RHB Sean Tanner
|
0-0: Foul Ball, location: 2F 0-1: Swinging Strike 0-2: Ball 1-2: Ball 2-2: Ball 3-2: Strikes out looking
|
Batting: RHB Carlos Ballesteros
|
0-0: Called Strike 0-1: Swinging Strike 0-2: Strikes out swinging
|
Bottom of the 2nd over - 0 runs, 1 hit, 0 errors, 2 left on base; Pensacola 0 - Mobile 0 |
TOP OF THE 3RD |
Pensacola Blue Wahoos batting - Pitching for Mobile BayBears : LHP Antoine Champagne
|
Batting: RHB Dinand Brouwer
|
0-0: Ball 1-0: Ball 2-0: Ball 3-0: Base on Balls
|
Batting: RHB Ryan Short
|
0-0: Ball 1-0: Swinging Strike 1-1: Called Strike 1-2: Strikes out swinging
|
Batting: RHB Solange Le Coq
|
0-0: Called Strike 0-1: Called Strike 0-2: Ball 1-2: Foul Ball, location: 2F 1-2: Fly out, F8 (Flyball, 8LD, EV 96.2 MPH)
|
Batting: RHB Jose Nunez
|
0-0: Ball 1-0: Ground out U3 (Groundball, 3L, EV 103.1 MPH)
|
Top of the 3rd over - 0 runs, 0 hits, 0 errors, 1 left on base; Pensacola 0 - Mobile 0 |
BOTTOM OF THE 3RD |
Mobile BayBears batting - Pitching for Pensacola Blue Wahoos : RHP Larry McPhee
|
Batting: RHB Luke Stark
|
0-0: Called Strike 0-1: Foul Ball, location: 2F 0-2: Ball 1-2: Ball 2-2: SINGLE (Groundball, 56D, EV 101.9 MPH)
|
Batting: LHB Yao-pang Tien
|
0-0: Called Strike 0-1: Ball 1-1: Swinging Strike 1-2: Foul Ball, location: 2F 1-2: Ball 2-2: Ball 3-2: Base on Balls Luke Stark to second
|
Batting: RHB Seth Tramontano
|
0-0: Called Strike 0-1: Ball 1-1: Called Strike 1-2: Foul Ball, location: 2F 1-2: Ball 2-2: Ball 3-2: Fielders Choice at 2nd, 3-6 (Groundball, 3, EV 95.0 MPH) Luke Stark to third
|
Batting: SHB Ken Welch
|
0-0: Called Strike 0-1: Ball 1-1: Foul Ball, location: 2F 1-2: Strikes out looking
|
Batting: RHB Francisco Gutierrez
|
0-0: Called Strike 0-1: Called Strike 0-2: Ball 1-2: Foul Ball, location: 2F 1-2: Foul Ball, location: 2F 1-2: 3-RUN HOME RUN (Flyball, 7D, EV 98.1 MPH), Distance : 373 ft
|
Batting: RHB D.J. Cooke
|
0-0: Ball 1-0: SINGLE (Line Drive, 4D, EV 96.9 MPH)
|
Batting: LHB Koson Hirai
|
0-0: Called Strike 0-1: Ball 1-1: Ball 2-1: TRIPLE (Flyball, 9LD, EV 108.1 MPH) D.J. Cooke scores
|
Batting: RHB Sean Tanner
|
0-0: Called Strike 0-1: Called Strike 0-2: Foul Ball, location: 2F 0-2: Foul Ball, location: 2F 0-2: Ball 1-2: Strikes out swinging
|
Bottom of the 3rd over - 4 runs, 4 hits, 0 errors, 1 left on base; Pensacola 0 - Mobile 4 |
TOP OF THE 4TH |
Pensacola Blue Wahoos batting - Pitching for Mobile BayBears : LHP Antoine Champagne
|
Batting: RHB Randy Grewe
|
0-0: Called Strike 0-1: Swinging Strike 0-2: Foul Ball, location: 2F 0-2: Hit by Pitch
|
Batting: RHB Andy Urquhart
|
0-0: Ball 1-0: Ball 2-0: Called Strike 2-1: Foul Ball, location: 2F 2-2: DOUBLE (Line Drive, 78XD, EV 108.8 MPH) Randy Grewe to third
|
Batting: RHB Mark Williams
|
0-0: Ball 1-0: Called Strike 1-1: Ground out 1-3 (Groundball, 34S, EV 66.2 MPH)
|
Batting: LHB John Wagner
|
0-0: Ball 1-0: Foul Ball, location: 2F 1-1: Swinging Strike 1-2: Foul Ball, location: 2F 1-2: Ball 2-2: Ball 3-2: Foul Ball, location: 2F 3-2: Strikes out looking
|
Batting: RHB Armando Moz
|
0-0: Ball 1-0: Ball 2-0: Ground out 5-3 (Groundball, 5S, EV 68.1 MPH)
|
Top of the 4th over - 0 runs, 1 hit, 0 errors, 2 left on base; Pensacola 0 - Mobile 4 |
BOTTOM OF THE 4TH |
Mobile BayBears batting - Pitching for Pensacola Blue Wahoos : RHP Larry McPhee
|
Batting: RHB Carlos Ballesteros
|
0-0: Foul Ball, location: 2F 0-1: Foul Ball, location: 2F 0-2: Ball 1-2: SINGLE (Groundball, 6MD, EV 108.1 MPH)
|
Batting: RHB Luke Stark
|
0-0: Ball 1-0: Ball 2-0: Ball 3-0: Base on Balls Carlos Ballesteros to second
|
Batting: LHB Yao-pang Tien
|
0-0: Foul Ball, location: 2F 0-1: Grounds out, U3 (Groundball, 3L, EV 101.9 MPH) Carlos Ballesteros to third
|
Batting: RHB Seth Tramontano
|
0-0: Ball 1-0: Called Strike 1-1: Ball 2-1: Foul Ball, location: 2F 2-2: Ground out 6-3 (Groundball, 6, EV 88.8 MPH) Carlos Ballesteros scores Luke Stark to third
|
Pitching: LHP Suk-jin Sok
|
|
Batting: SHB Ken Welch
|
0-0: Foul Ball, location: 2F 0-1: Foul Ball, location: 2F 0-2: Ball 1-2: Strikes out swinging
|
Bottom of the 4th over - 1 run, 1 hit, 0 errors, 1 left on base; Pensacola 0 - Mobile 5 |
TOP OF THE 5TH |
Pensacola Blue Wahoos batting - Pitching for Mobile BayBears : LHP Antoine Champagne
|
Batting: RHB Dinand Brouwer
|
0-0: Ball 1-0: Ball 2-0: SINGLE (Line Drive, 6M, EV 104.4 MPH)
|
Batting: RHB Ryan Short
|
0-0: Ball 1-0: Swinging Strike 1-1: Called Strike 1-2: Ball 2-2: Strikes out swinging
|
Batting: RHB Solange Le Coq
|
0-0: Called Strike 0-1: Ball 1-1: Swinging Strike 1-2: Ball 2-2: Strikes out swinging
|
Batting: RHB Jose Nunez
|
0-0: Ground out 4-3 (Groundball, 34, EV 82.5 MPH)
|
Top of the 5th over - 0 runs, 1 hit, 0 errors, 1 left on base; Pensacola 0 - Mobile 5 |
BOTTOM OF THE 5TH |
Mobile BayBears batting - Pitching for Pensacola Blue Wahoos : LHP Suk-jin Sok
|
Batting: RHB Francisco Gutierrez
|
0-0: Foul Ball, location: 2F 0-1: Ball 1-1: Called Strike 1-2: Strikes out looking
|
Batting: RHB D.J. Cooke
|
0-0: Ground out 3-1 (Groundball, 34, EV 103.8 MPH)
|
Batting: LHB Koson Hirai
|
0-0: Ball 1-0: Swinging Strike 1-1: Swinging Strike 1-2: SINGLE (Line Drive, 7LS, EV 103.8 MPH)
|
Batting: RHB Sean Tanner
|
0-0: Called Strike 0-1: Ball 1-1: Ball 2-1: Ball 3-1: Foul Ball, location: 2F 3-2: Foul Ball, location: 2F 3-2: SINGLE (Line Drive, 56D, EV 106.2 MPH) Koson Hirai to second Koson Hirai to third
|
Batting: RHB Carlos Ballesteros
|
0-0: Ball 1-0: Ball 2-0: Foul Ball, location: 2F 2-1: Ball 3-1: Swinging Strike 3-2: Strikes out looking
|
Bottom of the 5th over - 0 runs, 2 hits, 0 errors, 2 left on base; Pensacola 0 - Mobile 5 |
TOP OF THE 6TH |
Pensacola Blue Wahoos batting - Pitching for Mobile BayBears : LHP Antoine Champagne
|
Batting: RHB Randy Grewe
|
0-0: Ball 1-0: Foul Ball, location: 2F 1-1: Ball 2-1: Called Strike 2-2: Ball 3-2: DOUBLE (Line Drive, 7LS, EV 105.6 MPH)
|
Batting: RHB Andy Urquhart
|
0-0: Ball 1-0: Ball 2-0: Foul Ball, location: 2F 2-1: Ground out 6-3 (Groundball, 6, EV 100.6 MPH)
|
Pitching: LHP Jon Davis
|
|
Batting: RHB Mark Williams
|
0-0: Called Strike 0-1: Foul Ball, location: 2F 0-2: Foul Ball, location: 2F 0-2: Foul Ball, location: 2F 0-2: Ball 1-2: Ball 2-2: Foul Ball, location: 2F 2-2: Strikes out swinging
|
Batting: LHB John Wagner
|
0-0: Called Strike 0-1: Swinging Strike 0-2: Ball 1-2: Strikes out swinging
|
Top of the 6th over - 0 runs, 1 hit, 0 errors, 1 left on base; Pensacola 0 - Mobile 5 |
BOTTOM OF THE 6TH |
Mobile BayBears batting - Pitching for Pensacola Blue Wahoos : LHP Suk-jin Sok
|
Batting: RHB Luke Stark
|
0-0: Called Strike 0-1: Foul Ball, location: 2F 0-2: Ball 1-2: Ball 2-2: Fly out, F8 (Line Drive, 78M, EV 103.8 MPH)
|
Batting: LHB Yao-pang Tien
|
0-0: Called Strike 0-1: Ball 1-1: Swinging Strike 1-2: Strikes out swinging, 2-3 out at first.
|
Pitching: RHP Vladislav Prochazka
|
|
Batting: RHB Seth Tramontano
|
0-0: Ground out 5-3 (Groundball, 56, EV 86.9 MPH)
|
Bottom of the 6th over - 0 runs, 0 hits, 0 errors, 0 left on base; Pensacola 0 - Mobile 5 |
TOP OF THE 7TH |
Pensacola Blue Wahoos batting - Pitching for Mobile BayBears : LHP Jon Davis
|
Batting: RHB Armando Moz
|
0-0: Foul Ball, location: 2F 0-1: Ball 1-1: Called Strike 1-2: Foul Ball, location: 2F 1-2: Ball 2-2: Strikes out looking
|
Batting: RHB Dinand Brouwer
|
0-0: Called Strike 0-1: Ground out 5-3 (Groundball, 56S, EV 81.9 MPH)
|
Batting: RHB Ryan Short
|
0-0: Ground out 4-3 (Groundball, 4, EV 86.9 MPH)
|
Top of the 7th over - 0 runs, 0 hits, 0 errors, 0 left on base; Pensacola 0 - Mobile 5 |
BOTTOM OF THE 7TH |
Mobile BayBears batting - Pitching for Pensacola Blue Wahoos : RHP Vladislav Prochazka
|
Batting: SHB Ken Welch
|
0-0: Swinging Strike 0-1: Ball 1-1: Foul Ball, location: 2F 1-2: Foul Ball, location: 2F 1-2: Foul Ball, location: 2F 1-2: Ball 2-2: Foul Ball, location: 2F 2-2: Ball 3-2: Foul Ball, location: 2F 3-2: SOLO HOME RUN (Flyball, 9LD, EV 92.5 MPH), Distance : 345 ft
|
Batting: RHB Francisco Gutierrez
|
0-0: SINGLE (Line Drive, 34D, EV 96.9 MPH)
|
Batting: RHB D.J. Cooke
|
0-0: Ball 1-0: Ball Francisco Gutierrez steals 2nd base 2-0: Foul Ball, location: 2F 2-1: Foul Ball, location: 2F 2-2: Ball 3-2: Foul Ball, location: 2F 3-2: Ground out 4-3 (Groundball, 34, EV 86.2 MPH) Francisco Gutierrez to third
|
Batting: LHB Koson Hirai
|
0-0: SINGLE (Groundball, 56S, EV 66.2 MPH) (infield hit) Francisco Gutierrez scores
|
Batting: RHB Sean Tanner
|
0-0: Ball 1-0: SINGLE (Groundball, 6MD, EV 97.5 MPH) Koson Hirai to second Runner from 2nd tries for 3rd, OUT! 8-5
|
Pinch Hitting: SHB Ed Vargas
|
0-0: Ball 1-0: Ball 2-0: Foul Ball, location: 2F 2-1: Ball 3-1: Fielders Choice at 2nd, 6-4 (Groundball, 6, EV 85.0 MPH)
|
Bottom of the 7th over - 2 runs, 4 hits, 0 errors, 1 left on base; Pensacola 0 - Mobile 7 |
TOP OF THE 8TH |
Pensacola Blue Wahoos batting - Pitching for Mobile BayBears : LHP Jon Davis
|
Now at SS: Ed Vargas
|
|
Pinch Hitting: LHB Tim Kirk
|
0-0: Ground out 4-3 (Groundball, 34D, EV 105.6 MPH)
|
Pinch Hitting: RHB Chris Norris
|
0-0: Called Strike 0-1: Ball 1-1: Swinging Strike 1-2: SINGLE (Flyball, 8RS, EV 86.9 MPH)
|
Batting: RHB Randy Grewe
|
0-0: Called Strike 0-1: Fly out, F9 (Flyball, 89S, EV 92.5 MPH)
|
Pinch Hitting: RHB Matt Shepard
|
0-0: Swinging Strike 0-1: Ball 1-1: Foul Ball, location: 2F 1-2: Foul Ball, location: 2F 1-2: Ball 2-2: Ball 3-2: Foul Ball, location: 2F 3-2: Foul Ball, location: 2F 3-2: Ground out 6-3 (Groundball, 56, EV 85.6 MPH)
|
Top of the 8th over - 0 runs, 1 hit, 0 errors, 1 left on base; Pensacola 0 - Mobile 7 |
BOTTOM OF THE 8TH |
Mobile BayBears batting - Pitching for Pensacola Blue Wahoos : RHP Vladislav Prochazka
|
Now at 1B: Mark Williams
|
|
Now at 2B: Matt Shepard
|
|
Now in LF: Chris Norris
|
|
Now in CF: John Wagner
|
|
Now in RF: Tim Kirk
|
|
Batting: RHB Luke Stark
|
0-0: Ball 1-0: Called Strike 1-1: SINGLE (Line Drive, 78S, EV 93.8 MPH)
|
Pitching: RHP Damian Molina
|
|
Batting: LHB Yao-pang Tien
|
0-0: Foul Ball, location: 2F 0-1: Foul Ball, location: 2F 0-2: Ball 1-2: Fly out, F9 (Flyball, 89S, EV 78.8 MPH)
|
Pinch Hitting: RHB Paul Schreiber
|
0-0: Called Strike 0-1: Ball 1-1: Called Strike 1-2: Foul Ball, location: 2F 1-2: Ball 2-2: Foul Ball, location: 2F 2-2: Foul Ball, location: 2F 2-2: Foul Ball, location: 2F 2-2: Reached on error, E8 (Flyball, 8RM, EV 92.5 MPH) Luke Stark to second
|
Pinch Hitting: RHB Yasuo Nakata
|
0-0: Ball 1-0: Swinging Strike 1-1: Reached on error, E3 (Groundball, 3, EV 87.5 MPH) Luke Stark to third Paul Schreiber to second
|
Pinch Hitting: RHB Steve Machol
|
0-0: Ball 1-0: Foul Ball, location: 2F 1-1: Called Strike 1-2: Ball 2-2: Foul Ball, location: 2F 2-2: Foul Ball, location: 2F 2-2: SINGLE (Flyball, 9LS, EV 95.0 MPH) Luke Stark scores Paul Schreiber to third Yasuo Nakata to second Runner from 3rd tries for Home, SAFE, throw by RF to home
|
Batting: RHB D.J. Cooke
|
0-0: Fielders Choice at 2nd, 3-6 (Groundball, 34, EV 106.9 MPH) Yasuo Nakata to third
|
Batting: LHB Koson Hirai
|
0-0: Ball 1-0: Ball 2-0: Ground out U3 (Groundball, 3, EV 81.2 MPH)
|
Bottom of the 8th over - 2 runs, 2 hits, 2 errors, 2 left on base; Pensacola 0 - Mobile 9 |
TOP OF THE 9TH |
Pensacola Blue Wahoos batting - Pitching for Mobile BayBears : LHP Jon Davis
|
Now at 1B: Yasuo Nakata
|
|
Now in LF: Steve Machol
|
|
Now in RF: Paul Schreiber
|
|
Batting: RHB Mark Williams
|
0-0: Ball 1-0: Foul Ball, location: 2F 1-1: Ball 2-1: Ball 3-1: Swinging Strike 3-2: Strikes out swinging
|
Pinch Hitting: LHB Tony Zizumbo
|
0-0: Ball 1-0: Called Strike 1-1: Called Strike 1-2: Strikes out swinging
|
Pinch Hitting: RHB John Goynes
|
0-0: Ball 1-0: Ball 2-0: Foul Ball, location: 2F 2-1: Ground out 5-3 (Groundball, 56S, EV 78.1 MPH)
|
Top of the 9th over - 0 runs, 0 hits, 0 errors, 0 left on base; Pensacola 0 - Mobile 9 |
|